 Dungeon Crawl Stone Soup version 0.28.0-55-gcd9437bce4 (webtiles) character file.

Game seed: 15309161242068994871

1185 AarnesTheHuman the Shield-Bearer (level 8, -3/67 HPs)
             Began as a Gnoll Fighter on Jan 2, 2023.
             Was an Initiate of Qazlal.
             Slain by a gnoll
             ... wielding a +0 halberd
              (5 damage)
             ... on level 6 of the Dungeon.
             The game lasted 00:05:26 (4705 turns).

AarnesTheHuman the Shield-Bearer (Gnoll Fighter)    Turns: 4705, Time: 00:05:27

Health: -3/67      AC: 11    Str: 19    XL:     8   Next: 42%
Magic:  12/12      EV: 10    Int:  7    God:    Qazlal [......]
Gold:   187        SH:  5    Dex: 11    Spells: 13/13 levels left

rFire   . . .      SeeInvis .   a - +2 war axe (flame)
rCold   . . .      Faith    .   c - +0 buckler
rNeg    . . .      Spirit   .   s - +0 scale mail
rPois   +          Reflect  .   (no helmet)
rElec   .          Harm     .   r - +1 cloak
rCorr   .          Rampage  .   p - +0 pair of gloves
Will    .....                   (no boots)
Stlth   +.........              (no amulet)
HPRegen 0.21/turn               f - ring of poison resistance
MPRegen 0.13/turn               (no ring)

@: studying Long Blades
A: fangs 1, strong nose, distributed training
a: Renounce Religion


You were on level 6 of the Dungeon.
You worshipped Qazlal.
Qazlal was noncommittal.
You visited 2 branches of the dungeon, and saw 7 of its levels.

You collected 187 gold pieces.

Inventory:

Hand Weapons
 a - a +2 war axe of flaming (weapon)
 b - the +7 staff of the Meek {protect, meekguard}
   (You found it on level 3 of the Dungeon)

   It grants its wielder temporary protection when it strikes (+7 to AC).
   It provides extra protection to wielders with little health.
 g - the +2 falchion of Cruel Justice {vorpal, rPois Will- Int+10 Dex-5}
   (You found it on level 4 of the Dungeon)

   It inflicts extra damage upon your enemies.
   Int:       It affects your intelligence (+10).
   Dex:       It affects your dexterity (-5).
   rPois:     It protects you from poison.
   Will:      It decreases your willpower.
 t - a +0 war axe
Missiles
 j - 187 stones (quivered)
Armour
 c - a +0 buckler (worn)
 e - a +0 cloak
 p - a +0 pair of gloves (worn)
 r - a +1 cloak (worn)
 s - a +0 scale mail (worn)
Jewellery
 f - a ring of poison resistance (left hand)
 n - a ring of ice
Wands
 w - a wand of mindburst (15)
Scrolls
 m - a scroll of identify
 u - a scroll of amnesia
 B - 3 scrolls of teleportation
Potions
 d - a potion of might
 h - a potion of attraction
 i - 3 potions of curing
 k - 4 potions of heal wounds
 l - a potion of lignification
 o - 2 potions of berserk rage
 q - 2 potions of haste
 v - a potion of magic {unknown}
 x - a potion of brilliance


   Skills:
 + Level 7.4 Fighting
 + Level 3.2 Short Blades
 + Level 4.8 Long Blades
 + Level 5.7 Axes
 + Level 3.2 Maces & Flails
 + Level 3.2 Polearms
 + Level 3.2 Staves
 + Level 3.2 Slings
 + Level 3.2 Bows
 + Level 3.2 Crossbows
 + Level 3.2 Throwing
 + Level 7.4 Armour
 + Level 3.2 Dodging
 + Level 3.2 Stealth
 + Level 7.4 Shields
 + Level 3.2 Unarmed Combat
 + Level 3.2 Spellcasting
 + Level 2.6 Conjurations
 + Level 2.6 Hexes
 + Level 2.6 Summonings
 + Level 2.6 Necromancy
 + Level 2.6 Translocations
 + Level 2.6 Transmutations
 + Level 2.6 Fire Magic
 + Level 2.6 Ice Magic
 + Level 2.6 Air Magic
 + Level 2.6 Earth Magic
 + Level 2.6 Poison Magic
 + Level 3.6 Invocations
 + Level 3.2 Evocations


You had 13 spell levels left.
You didn't know any spells.
Your spell library contained the following spells:

 Spells                   Type           Power      Damage    Failure   Level
 Beastly Appendage        Tmut           8%         N/A       36%         1
 Wereblood                Tmut           4%         N/A       50%         2
 Spider Form              Tmut/Pois      4%         N/A       75%         3
 Stone Arrow              Conj/Erth      8%         3d7       75%         3
 Animate Armour           Summ/Erth      8%         N/A       98%         4
 Lehudib's Crystal Spear  Conj/Erth      2%         10d2      100%        8


Dungeon Overview and Level Annotations

Branches:
Dungeon (6/15)             Temple (1/1) D:6

Altars:
Ashenzari
Cheibriados
Dithmenos
Fedhas
Gozag
Kikubaaqudgha
Makhleb
Okawaru
Qazlal
Ru
Sif Muna
Trog
Uskayaw
Vehumet
Wu Jian
Yredelemnul

Shops:
D:4 *   D:5 *


Innate Abilities, Weirdness & Mutations

You have very sharp teeth.
Your uncanny sense of smell can sniff out nearby items.
Your experience applies equally to all skills.


Message History

You hit the gnoll shaman. You burn the gnoll shaman.
You kill the gnoll shaman!
Qazlal accepts your kill.
Your Short Blades skill increases to level 3!
Your Maces & Flails skill increases to level 3!
Your Polearms skill increases to level 3!
Your Staves skill increases to level 3!
Your Slings skill increases to level 3!
Your Bows skill increases to level 3!
Your Crossbows skill increases to level 3!
Your Throwing skill increases to level 3!
Your Dodging skill increases to level 3!
Your Stealth skill increases to level 3!
Your Unarmed Combat skill increases to level 3!
Your Spellcasting skill increases to level 3!
Your Evocations skill increases to level 3!
You barely miss the komodo dragon. The komodo dragon bites you! x2
You slash the komodo dragon! You burn the komodo dragon.
Your bite misses the komodo dragon.
The komodo dragon is moderately wounded.
The komodo dragon bites you.
You hit the komodo dragon. You burn the komodo dragon.
Your bite misses the komodo dragon.
The komodo dragon is heavily wounded.
The komodo dragon bites you!!
* * * LOW HITPOINT WARNING * * *
Okay, then.
Aiming: Mindburst
Press: ? - help, Shift-Dir - straight line, f - komodo dragon
Aim: a komodo dragon (heavily wounded, chance to affect: 60%)
The komodo dragon's mind is blasted!!
You blow up the komodo dragon!
Qazlal accepts your kill. The gnoll barely misses you.
The gnoll closely misses you.
There is a staircase to the Ecumenical Temple here.
Found 12 gold pieces.
The gnoll is no longer moving quickly.
The gnoll hits you with a +2 flail of holy wrath.
* * * LOW HITPOINT WARNING * * *
The gnoll hits you from afar with a +0 halberd.
You die...

#.#.##.#.########.........#
..#....#.......##...#######
##############.##...#
#.......# #.###...# #.#
############## #.#
#.........# ###.###
#.........# ###@###
#.........#
.#####⌠.g#####.........#
.....+.g.'.....#########
$#####⌠.⌠####### ###g###
###)### #g# ..######.##
..gg.g.)..#


You could see 4 gnolls.

Vanquished Creatures
  A komodo dragon (D:6)
  Grinder (D:4)
  A necrophage (D:4)
  3 scorpions (D:5)
  A howler monkey (D:4)
  2 gnoll shamans
  A jelly (D:6)
  2 orc priests (D:5)
  A bullfrog skeleton (D:6)
  Ijyb (D:5)
  Natasha (thrice) (D:3)
  A hound skeleton (D:4)
  7 gnolls
  3 adders
  A howler monkey skeleton (D:5)
  An ufetubus (D:5)
  An adder skeleton (D:3)
  A worm (D:4)
  2 dart slugs (D:2)
  5 orcs
  3 endoplasms
  4 giant cockroaches
  9 hobgoblins
  A quokka (D:1)
  4 ball pythons
  3 bats
  4 frilled lizards
  A goblin (D:1)
  6 kobolds
  3 rats
77 creatures vanquished.

Notes
Turn   | Place    | Note
-------+----------+-------------------------------------------
     0 | D:1      | AarnesTheHuman the Gnoll Fighter began the quest for the
                  | Orb.
     0 | D:1      | Reached XP level 1. HP: 23/23 MP: 1/1
   284 | D:1      | Reached XP level 2. HP: 29/29 MP: 2/2
   849 | D:2      | Reached skill level 1 in Long Blades
   849 | D:2      | Reached XP level 3. HP: 29/35 MP: 3/3
  1327 | D:2      | Reached skill level 1 in Invocations
  1647 | D:3      | Identified the +4 ring mail "Xejimoan" {-Tele Harm rElec
                  | Slay-6}
  1749 | D:3      | Noticed Natasha
  1758 | D:3      | Killed Natasha
  1759 | D:3      | Reached skill level 1 in Short Blades
  1759 | D:3      | Reached skill level 1 in Maces & Flails
  1759 | D:3      | Reached skill level 1 in Polearms
  1759 | D:3      | Reached skill level 1 in Staves
  1759 | D:3      | Reached skill level 1 in Slings
  1759 | D:3      | Reached skill level 1 in Bows
  1759 | D:3      | Reached skill level 1 in Crossbows
  1759 | D:3      | Reached skill level 1 in Throwing
  1759 | D:3      | Reached skill level 1 in Dodging
  1759 | D:3      | Reached skill level 1 in Stealth
  1759 | D:3      | Reached skill level 1 in Unarmed Combat
  1759 | D:3      | Reached skill level 1 in Spellcasting
  1759 | D:3      | Reached skill level 1 in Evocations
  1759 | D:3      | Reached XP level 4. HP: 32/41 MP: 5/5
  1865 | D:3      | Found a faded altar of an unknown god.
  2013 | D:3      | Found the +7 staff of the Meek {protect, meekguard}
  2027 | D:3      | Noticed Natasha
  2033 | D:3      | Killed Natasha
  2034 | D:3      | Reached skill level 1 in Conjurations
  2034 | D:3      | Reached skill level 1 in Hexes
  2034 | D:3      | Reached skill level 1 in Summonings
  2034 | D:3      | Reached skill level 1 in Necromancy
  2034 | D:3      | Reached skill level 1 in Translocations
  2034 | D:3      | Reached skill level 1 in Transmutations
  2034 | D:3      | Reached skill level 1 in Fire Magic
  2034 | D:3      | Reached skill level 1 in Ice Magic
  2034 | D:3      | Reached skill level 1 in Air Magic
  2034 | D:3      | Reached skill level 1 in Earth Magic
  2034 | D:3      | Reached skill level 1 in Poison Magic
  2090 | D:3      | Noticed Natasha
  2101 | D:3      | Killed Natasha
  2102 | D:3      | Reached XP level 5. HP: 43/47 MP: 6/6
  2588 | D:4      | Found Atsuruz's Elemental Accessories.
  2618 | D:4      | Noticed a necrophage
  2627 | D:4      | Killed a necrophage
  2628 | D:4      | Reached XP level 6. HP: 43/53 MP: 8/8
  2690 | D:4      | Found an iron altar of Okawaru.
  2743 | D:4      | Identified the +2 falchion of Cruel Justice {vorpal, rPois
                  | Will- Int+10 Dex-5}
  2763 | D:4      | Found a sacrificial altar of Ru.
  2767 | D:4      | Noticed Grinder
  2778 | D:4      | Killed Grinder
  2779 | D:4      | Reached skill level 5 in Axes
  2879 | D:4      | Reached XP level 7. HP: 54/59 MP: 10/10
  3340 | D:5      | Entered Level 5 of the Dungeon
  3484 | D:5      | Noticed Ijyb
  3495 | D:5      | Killed Ijyb
  3623 | D:5      | Reached XP level 8. HP: 50/67 MP: 12/12
  3781 | D:5      | Found Ecanoi's CLEARANCE SALE!.
  4333 | D:6      | Found a staircase to the Ecumenical Temple.
  4354 | Temple   | Entered the Ecumenical Temple
  4628 | Temple   | Became a worshipper of Qazlal Stormbringer
  4675 | D:6      | Noticed a komodo dragon
  4701 | D:6      | Killed a komodo dragon
  4705 | D:6      | HP: 2/67 [gnoll/+2 flail of holy wrath (5)]
  4705 | D:6      | Slain by a gnoll

Illustrated notes

Levels and vault maps discovered:
D:1:      dpeg_arrival_shelter, layout_loops_ring
D:2:      layout_basic
D:3:      layout_loops_ring, nicolae_ecumenical_oubliette, uniq_natasha
D:4:      layout_gridville, okawaru_ov_weapons_minmay,
          nicolae_ru_sacrificial_ziggurat, chequers_serial_rivers_micro_b,
          nicolae_elemental_shop, uniq_grinder
D:5:      layout_cave_pods, nicolae_shop_clearance, uniq_ijyb
D:6:      layout_basic, temple_doors_e
Temple:   minmay_temple_curvy_branch

Skill      XL: |  1  2  3  4  5  6  7  8 |
---------------+-------------------------+-----
Long Blades    | 1 2 3 4 |  4.8
Invocations    | 1 2 3 |  3.6
Short Blades   | 1 2 3 |  3.2
Maces & Flails | 1 2 3 |  3.2
Polearms       | 1 2 3 |  3.2
Staves         | 1 2 3 |  3.2
Slings         | 1 2 3 |  3.2
Bows           | 1 2 3 |  3.2
Crossbows      | 1 2 3 |  3.2
Throwing       | 1 2 3 |  3.2
Dodging        | 1 2 3 |  3.2
Stealth        | 1 2 3 |  3.2
Unarmed Combat | 1 2 3 |  3.2
Spellcasting   | 1 2 3 |  3.2
Evocations     | 1 2 3 |  3.2
Conjurations   | 1 2 |  2.6
Hexes          | 1 2 |  2.6
Summonings     | 1 2 |  2.6
Necromancy     | 1 2 |  2.6
Translocations | 1 2 |  2.6
Transmutations | 1 2 |  2.6
Fire Magic     | 1 2 |  2.6
Ice Magic      | 1 2 |  2.6
Air Magic      | 1 2 |  2.6
Earth Magic    | 1 2 |  2.6
Poison Magic   | 1 2 |  2.6
Axes           | 5 |  5.7
Fighting       | 7 |  7.4
Armour         | 7 |  7.4
Shields        | 7 |  7.4

Action                   |  1- 3 |  4- 6 |  7- 9 || total
-------------------------+-------+-------+-------++-------
Melee: War axe           |    75 |    66 |    86 ||   227
       Bite              |     7 |     6 |     5 ||    18
Evoke: Wand              |       |       |     1 ||     1
  Use: Scroll            |       |     8 |     7 ||    15
Armor: Scale mail        |    31 |    31 |    21 ||    83
Dodge: Dodged            |    23 |    26 |    36 ||    85
Block: Buckler           |    27 |    26 |    15 ||    68
